AoeStats
← ska_18

Nomad

505015375Analyzed
3v3 RM · 25d ago on Sep 7, 2026· 56m 36s· 6 players
Game mode
Random Map
Map size
210×210
Population
200
Speed
Normal
Resources
Standard
Victory
Conquest
Starting age
Dark Age
Ending age
Imperial Age
RankedLock teamsTeams togetherTeam positionsShared explorationLock speedFull tech treeHidden civsTurbo modeCheats
Victory
Defeat
🇪🇸 Burgundians · Spain
1074
+11
🇦🇹 Saracens · Austria
1022
+13
🇪🇸 Huns · Spain
1019
+13
🇦🇷 Celts · Argentina
969
-13
🇹🇷 Spanish · Türkiye
954
-12
🇵🇹 Vikings · Portugal
952
-12
ska_18
5:06 Loom
16:07 Feudal Age
19:12 Double-Bit Axe
21:45 Castle Age
20:08 Fishing Lines
20:10 Horse Collar
24:02 Wheelbarrow
23:38 Bow Saw
23:14 Town Watch
25:18 Stone Mining
25:19 Gold Mining
25:31 Heavy Plow
25:56 Gillnets
28:02 Medium Warships
30:26 Hand Cart
30:48 Gold Shaft Mining
30:25 Forging
30:05 Fletching
31:05 Fletching
31:47 Scale Barding Armor
32:23 Bodkin Arrow
36:51 Imperial Age
36:13 Iron Casting
37:09 Chain Barding Armor
36:35 Treadmill Crane
39:06 Chemistry
38:03 Murder Holes
38:19 Masonry
39:56 Blast Furnace
39:19 Conscription
39:10 Bimaristan
39:30 Elite Mameluke
40:45 Hoardings
42:24 Plate Barding Armor
42:36 Bracer
42:58 Ballistics
42:49 Fortified Wall
43:05 Town Patrol
44:38 Siege Engineers
45:56 Bloodlines
45:46 Husbandry
45:07 Light Cavalry
49:10 Coinage
49:10 Fervor
49:21 Sanctity
51:13 Hussar
54:21 Banking
53:51 Caravan
FLAKOSKY
4:58 Loom
15:10 Feudal Age
14:02 Double-Bit Axe
15:27 Gold Mining
16:10 Bow Saw
22:44 Stone Mining
23:13 Fletching
26:47 Castle Age
26:34 Gold Shaft Mining
26:02 Town Watch
26:53 Wheelbarrow
32:15 Bodkin Arrow
hegan55
14:30 Feudal Age
19:23 Castle Age
17:39 Forging
18:16 Bloodlines
21:47 Loom
21:58 Fletching
22:09 Padded Archer Armor
23:28 Wheelbarrow
23:18 Double-Bit Axe
23:19 Horse Collar
24:45 Bodkin Arrow
27:14 Leather Archer Armor
28:16 Ballistics
29:12 Bow Saw
29:04 Heavy Plow
31:08 Fishing Lines
33:27 Hand Cart
37:13 Imperial Age
36:18 Squires
37:49 Iron Casting
38:40 Parthian Tactics
38:27 Bracer
39:29 Chemistry
39:28 Conscription
42:19 Gillnets
42:59 Heavy Cavalry Archer
46:18 Marauders
47:37 Blast Furnace
46:43 Scale Barding Armor
49:01 Husbandry
49:30 Chain Barding Armor
52:21 Atheism
maximilian
16:01 Feudal Age
14:19 Loom
16:38 Fishing Lines
16:46 Double-Bit Axe
16:43 Horse Collar
19:39 Man-at-Arms
20:32 Gold Mining
20:43 Arson
21:48 Scale Mail Armor
21:58 Forging
25:13 Fletching
30:33 Castle Age
29:08 Stone Mining
31:44 Bow Saw
31:35 Heavy Plow
32:04 Gillnets
32:52 Wheelbarrow
32:05 Town Watch
32:17 Pikeman
32:21 Elite Skirmisher
37:46 Hand Cart
39:09 Thumb Ring
39:02 Bodkin Arrow
40:04 Padded Archer Armor
42:28 Leather Archer Armor
44:55 Stone Shaft Mining
48:06 Ballistics
48:00 Masonry
47:46 Murder Holes
53:06 Imperial Age
54:01 Elite Conquistador
55:03 Conscription
Thổ Dân Da Đỏ
14:22 Feudal Age
18:23 Castle Age
16:38 Double-Bit Axe
16:34 Horse Collar
16:47 Fishing Lines
23:40 Bow Saw
23:11 Horse Collar
23:23 Gold Mining
23:27 Stone Mining
25:52 Wheelbarrow
25:03 Loom
25:03 Town Watch
34:14 Imperial Age
32:04 Hand Cart
32:59 Scale Mail Armor
33:10 Forging
35:52 Conscription
35:49 Chain Mail Armor
36:51 Iron Casting
39:04 Plate Mail Armor
40:59 Blast Furnace
40:52 Gambesons
40:53 Arson
42:29 Fletching
42:08 Elite Woad Raider
43:36 Elite Skirmisher
45:03 Ballistics
45:43 Chemistry
47:15 Bodkin Arrow
47:20 Padded Archer Armor
47:08 Arrowslits
49:41 Leather Archer Armor
53:44 Hoardings
54:32 Masonry
Exteme77
3:16 Loom
15:04 Feudal Age
21:11 Castle Age
20:12 Fletching
30:46 Double-Bit Axe
30:50 Elite Skirmisher
46:35 Bodkin Arrow
46:41 Padded Archer Armor
48:32 Leather Archer Armor
52:02 Pikeman
Connection lost

Rejoining the realm…

Still unreachable

The connection could not be restored.

Session expired

The server has moved on; the page needs a fresh start.